 Dungeon Crawl Stone Soup version 0.20-a0-1126-g0f15420 (webtiles) character file.

139 Naow the Firebug (level 5, -2/31 HPs)
             Began as an Octopode Fire Elementalist on May 17, 2017.
             Killed from afar by Naow's ghost (16 damage)
             ... with a puff of flame
             ... on level 4 of the Dungeon.
             The game lasted 00:03:29 (2520 turns).

Naow the Firebug (Octopode Fire Elementalist)       Turns: 2520, Time: 00:03:30

Health: -2/31      AC:  1    Str:  7    XL:     5   Next: 22%
Magic:  9/9        EV: 11    Int: 19    God:
Gold:   134        SH:  3    Dex: 12    Spells: 3/9 levels left

rFire    . . .     SeeInvis .   p - +0 dagger
rCold    . . .     Gourm    .   h - +0 buckler
rNeg     . . .     Faith    .   (helmet restricted)
rPois    .         Spirit   .   (no amulet)
rElec    .         Reflect  .   (no ring)
rCorr    .         Harm     .   (no ring)
MR       .....                  (no ring)
Stlth    +++.......             (no ring)
Regen    0.1/turn               (no ring)
MPRegen  0.2/turn               (no ring)
                                (no ring)
                                (no ring)

@: heavily drained
A: almost no armour, stealthy swim, amphibious, 8 rings, constrict 8, camouflage
1, gelatinous body 1
a: no special abilities


You were on level 4 of the Dungeon.
You were not hungry.

You visited 1 branch of the dungeon, and saw 4 of its levels.

You collected 134 gold pieces.

Inventory:

Hand Weapons
 p - a +0 dagger (weapon)
Armour
 h - a +0 buckler (worn)
Jewellery
 k - an uncursed amulet of guardian spirit {unknown}
 r - an uncursed amulet of harm
Wands
 n - a wand of random effects (22/48)
Scrolls
 c - a scroll of identify {unknown}
 d - a scroll of immolation {unknown}
 e - a scroll of random uselessness {unknown}
 f - 2 scrolls of teleportation {unknown}
 i - a scroll of enchant armour {unknown}
 j - 2 scrolls of magic mapping {unknown}
 l - a scroll of remove curse {unknown}
 o - a scroll of fear {unknown}
Potions
 q - a potion of curing {unknown}
Books
 a - a book of Flames

   Spells                             Type                      Level
   a - Flame Tongue                   Conjuration/Fire             1
   b - Throw Flame                    Conjuration/Fire             2
   c - Conjure Flame                  Conjuration/Fire             3
   d - Inner Flame                    Hexes/Fire                   3
   e - Sticky Flame                   Conjuration/Fire             4
   f - Fireball                       Conjuration/Fire             5
Comestibles
 b - 2 bread rations
 g - 3 meat rations
 m - 2 royal jellies


   Skills:
 - Level 2.1(0.5) Dodging
 - Level 2.6(1.0) Stealth
 + Level 1.3(0.0) Shields
 * Level 2.9(1.3) Spellcasting
 * Level 2.5(0.9) Conjurations
 * Level 4.1(2.4) Fire Magic


You had 3 spell levels left.
You knew the following spells:

 Your Spells              Type           Power        Failure   Level  Hunger
a - Flame Tongue          Conj/Fire      #....        16%         1    ##.....
b - Throw Flame           Conj/Fire      #.....       24%         2    ###....
c - Conjure Flame         Conj/Fire      #.......     43%         3    ####...


Dungeon Overview and Level Annotations

Branches:
Dungeon (4/15)
 Temple: D:4-7

Altars:
Hepliaklqana

Annotations:
D:3 Terence
D:4 Naow's ghost, amateur OpFE


Innate Abilities, Weirdness & Mutations

You cannot wear most types of armour.
You are very stealthy in the water. (Stealth+)
You are amphibious.
You can wear up to eight rings at the same time.
You can use your tentacles to constrict eight enemies at once.
Your skin changes colour to match your surroundings (Stealth+).
Your rubbery body absorbs attacks. (AC +1, EV +1)


Message History

You climb downwards.
There is a stone staircase leading up here.
Eating a chunk of flesh.
You eat the chunk of flesh.
This raw flesh tastes terrible.
Your magical contamination has completely faded away.
Naow's ghost (amateur Octopode Fire Elementalist) comes into view.
Naow's ghost is nearby!
Naow's ghost is nearby!
Found a dented silver amulet.
You see here a dented silver amulet.
k - a dented silver amulet Naow's ghost turns its malevolent gaze towards you.
Naow's ghost casts a spell at you. The flame tongue hits you!
Ouch! That really hurt!
There is a stone staircase leading up here.
Naow's ghost stares at you and mumbles some strange words.
The puff of flame hits you!
Ouch! That really hurt!
You die...

####. ..
...... ..
##.... .#
...... .#
....#+#.#
#.....#
#####.....#
#.......@.####
#.......W....#
#............#
#####........#
#........#
#........#
#.......##
#.......#
#.......###


You could see Naow's ghost.

Vanquished Creatures
  An ogre (D:3)
  2 adders
  A worm (D:2)
  A dart slug (D:1)
  2 leopard geckos (D:2)
  4 giant cockroaches (D:2)
  5 goblins
  4 hobgoblins
  4 bats
  3 frilled lizards
  3 kobolds
  7 rats
37 creatures vanquished.

Notes
Turn   | Place    | Note
-------+----------+-------------------------------------------
     0 | D:1      | Naow the Octopode Fire Elementalist began the quest for the Orb.
     0 | D:1      | Reached XP level 1. HP: 11/11 MP: 3/3
   219 | D:1      | Reached XP level 2. HP: 3/17 MP: 0/5
  1082 | D:2      | Reached XP level 3. HP: 18/21 MP: 2/6
  1484 | D:2      | Found a hazy altar of Hepliaklqana.
  1618 | D:2      | Found a faded altar of an unknown god.
  2040 | D:3      | Noticed an ogre
  2048 | D:3      | Learned a level 2 spell: Throw Flame
  2052 | D:3      | Learned a level 3 spell: Conjure Flame
  2067 | D:3      | Killed an ogre
  2067 | D:3      | Reached skill level 1 in Shields
  2067 | D:3      | Reached skill level 4 in Fire Magic
  2067 | D:3      | Reached XP level 4. HP: 27/27 MP: 0/8
  2067 | D:3      | Reached XP level 5. HP: 31/31 MP: 0/9
  2404 | D:3      | Noticed Terence
  2497 | D:4      | Noticed Naow's ghost (amateur OpFE)
  2520 | D:4      | Killed from afar by Naow's ghost

Vault maps used:
D:1:      mrwooster_arrival_statue_2
D:2:      nicolae_overflow_crystal_walls, chequers_ecumenical_altar_simple
D:3:      uniq_terence
D:4:      old_standard_altar, first_bread, minivault_25

Skill      XL: |  1  2  3 |
---------------+----------+-----
Shields        | 1 |  1.3
Conjurations   | 2 |  2.5
Fire Magic     | 4 |  4.1
Dodging        | |  2.1
Stealth        | |  2.6
Spellcasting   | |  2.9

Action                   |  1- 3 |  4- 6 || total
-------------------------+-------+-------++-------
Melee: Unarmed           |     3 |       ||     3
       Constrict         |     1 |       ||     1
       Dagger            |       |     1 ||     1
 Cast: Flame Tongue      |    54 |    16 ||    70
       Conjure Flame     |     1 |     1 ||     2
  Eat: Chunk             |     4 |     2 ||     6
Armor: Skin              |       |     1 ||     1
Dodge: Dodged            |    13 |     4 ||    17
